 Dungeon Crawl Stone Soup version 0.17.0-24-gcfadda4 (console) character file.

2744 gw the Spear-Bearer (level 9, -10/78 HPs)
             Began as a Minotaur Gladiator on Nov 15, 2015.
             Was a Priest of Dithmenos.
             Mangled by an orc warrior
             ... wielding a +0 flail
              (13 damage)
             ... on level 8 of the Dungeon.
             The game lasted 00:05:42 (9106 turns).

gw the Spear-Bearer (Minotaur Gladiator)            Turns: 9106, Time: 00:05:42

Health: -10/78     AC: 13    Str: 21    XL:     9   Next: 41%
Magic:  0/11       EV:  8    Int:  5    God:    Dithmenos [***...]
Gold:   390        SH:  0    Dex: 15    Spells: 0 memorised, 8 levels left

rFire  . . .     SeeInvis .     b - +8 trident {speed, rElec Str+2}
rCold  . . .     Clarity  .     f - +0 plate armour
rNeg   . . .     SustAt   .     (no shield)
rPois  .         Gourm    .     c - +1 hat
rElec  +         Spirit   +     (no cloak)
rCorr  .         Warding  .     (no gloves)
rMut   .         Stasis   .     (no boots)
MR     .....                    q - amulet of guardian spirit
Stlth  ..........               (no ring)
                                (no ring)

@: wreathed by umbra, not resistant to hostile enchantments, extremely
unstealthy
A: retaliatory headbutt, horns 2
a: Shadow Step, Renounce Religion


You were on level 8 of the Dungeon.
You worshipped Dithmenos.
Dithmenos was most pleased with you.
You were not hungry.

You visited 1 branch of the dungeon, and saw 8 of its levels.

You collected 390 gold pieces.

Inventory:

Hand Weapons
 b - the +8 trident of Midsummer (weapon) {speed, rElec Str+2}
   (You found it on level 7 of the Dungeon)

   Attacks with this weapon are significantly faster.
   It affects your strength (+2).
   It insulates you from electricity.
Missiles
 d - 3 throwing nets
 h - 148 stones (quivered)
 i - 30 poisoned needles
 t - 7 needles of frenzy
 u - 2 needles of slowing
Armour
 c - a +1 hat (worn)
 f - a +0 plate armour (worn)
Jewellery
 q - an amulet of guardian spirit (around neck)
Wands
 a - a wand of slowing (26)
 l - a wand of digging (11)
 m - a wand of magic darts (21)
 s - a wand of fire (6)
Scrolls
 g - 11 scrolls of identify
 n - 5 scrolls of remove curse
 w - a scroll of recharging
Potions
 j - 3 potions of curing
 v - a potion of mutation {unknown}
Comestibles
 e - 5 bread rations
 k - a slice of pizza
 o - 2 chunks of flesh
 r - 5 meat rations


   Skills:
 + Level 6.4 Fighting
 * Level 8.8 Polearms
 + Level 5.0 Throwing
 + Level 5.8 Armour
 - Level 3.2 Dodging
 * Level 5.0 Stealth
 + Level 4.1 Invocations


You had 8 spell levels left.
You didn't know any spells.

Dungeon Overview and Level Annotations

Branches:
Dungeon (8/15)             Temple (0/1) D:6
   Lair: D:8-11

Altars:
Ashenzari
Dithmenos
Elyvilon
Kikubaaqudgha


Innate Abilities, Weirdness & Mutations

You reflexively headbutt those who attack you in melee.
You have a pair of horns on your head.


Message History

Trying to move but square is occupied??
Making a random move The ice beast barely misses you.
The ogre barely misses you.
Trying to move but square is occupied??
Making a random move The ice beast barely misses you.
You furiously retaliate!
You headbutt the ice beast.
Trying to move but square is occupied??
Making a random move The orc hits you but does no damage.
Trying to move but square is occupied??
Making a random move The orc warrior hits you with a flail!
MOVING TO (-3,8) Trying to move but square is occupied??
Making a random move The ogre barely misses you.
The orc warrior misses you.
MOVING TO (-4,6)
The orc warrior hits you with a flail!
You die...

......... ......$ .....
#..## #...## #....##
#...OY# ##..oo.##
#.....H.## #........#
###.).......#
########$...........#
##.##.....(..(.........
.........##.............
......#######...........
......# ##..(.......
.#....# #.....


You could see an orc warrior, an ice beast, an ogre and an orc.

Table legend:
 A = Turns spent in this place as a percentage of turns spent in the entire game.
 B = Non-inter-level travel turns spent in this place as a percentage of non-inter-level travel turns spent in the entire game.
 C = Inter-level travel turns spent in this place as a percentage of turns spent in this place.
 D = Turns resting spent in this place as a percentage of non-inter-level travel turns spent in this place.
 E = Turns spent auto-exploring this place as a percentage of non-inter-level travel turns spent in this place.
 F = Non-inter-level travel turns spent in this place divided by the number of levels of this place that you've seen.
                   A       B       C       D       E      F
               +-------+-------+-------+-------+-------+----------------------
         Total | 100.0 | 100.0 |   0.4 |   1.2 |   2.7 | 1368.0
       Dungeon | 100.0 | 100.0 |   0.4 |   1.2 |   2.7 | 1368.0
               +-------+-------+-------+-------+-------+----------------------

Table legend:
 A = Kills in this place as a percentage of kills in entire the game.
 B = Kills by you in this place as a percentage of kills by you in the entire game.
 C = Kills by friends in this place as a percentage of kills by friends in the entire game.
 D = Other kills in this place as a percentage of other kills in the entire game.
 E = Experience gained in this place as a percentage of experience gained in the entire game.
 F = Experience gained in this place divided by the number of levels of this place that you have seen.
                   A       B       C       D       E      F
               +-------+-------+-------+-------+-------+----------------------
         Total | 100.0 | 100.0 | 100.0 |  -nan | 100.0 | 490.0
       Dungeon | 100.0 | 100.0 | 100.0 |  -nan | 100.0 | 490.0
               +-------+-------+-------+-------+-------+----------------------

Vanquished Creatures
  Sigmund (D:2)
  Edmund (D:5)
  A sky beast (D:8)
  An ice beast (D:7)
  An orc warrior (D:6)
  2 ogres
  A black bear (D:8)
  A centaur (D:7)
  2 scorpions (D:7)
  5 killer bees (D:8)
  A centaur zombie (D:6)
  2 crimson imps
  A centaur skeleton (D:7)
  9 orc priests
  3 giant frog skeletons
  4 hounds
  A jelly (D:8)
  A gnoll shaman (D:4)
  4 iguanas
  9 worker ants
  8 orc wizards
  Robin (D:2)
  7 gnolls
  7 adders
  3 shadow imps
  3 oozes
  An adder skeleton (D:4)
  2 worms
  5 giant geckos
  31 orcs
  6 bats
  4 giant cockroaches
  12 goblins
  12 hobgoblins
  13 jackals
  3 quokkas
  2 ball pythons
  5 giant newts
  7 kobolds
  3 rats
186 creatures vanquished.

Vanquished Creatures (collateral kills)
  2 orcs (D:4)
2 creatures vanquished.

Grand Total: 188 creatures vanquished

Notes
Turn   | Place    | Note
--------------------------------------------------------------
     0 | D:1      | gw the Minotaur Gladiator began the quest for the Orb.
     0 | D:1      | Reached XP level 1. HP: 18/18 MP: 0/0
   238 | D:1      | Found a shattered altar of Ashenzari.
   260 | D:1      | Reached XP level 2. HP: 25/25 MP: 1/1
   533 | D:1      | Reached skill level 4 in Polearms
   533 | D:1      | Reached skill level 1 in Armour
   575 | D:1      | Reached XP level 3. HP: 16/31 MP: 2/2
   999 | D:2      | Noticed Sigmund
  1009 | D:2      | Killed Sigmund
  1009 | D:2      | Reached skill level 5 in Polearms
  1009 | D:2      | Reached XP level 4. HP: 20/40 MP: 3/3
  1009 | D:2      | Reached XP level 5. HP: 23/46 MP: 4/4
  1546 | D:2      | Noticed Robin
  1567 | D:2      | Killed Robin
  2019 | D:3      | Reached XP level 6. HP: 52/52 MP: 5/5
  2060 | D:3      | Found a faded altar to an unknown god.
  2572 | D:3      | Found a shadowy altar of Dithmenos.
  2577 | D:3      | Became a worshipper of Dithmenos the Shadowed
  2823 | D:3      | Found an ancient bone altar of Kikubaaqudgha.
  3200 | D:4      | Reached skill level 1 in Stealth
  3589 | D:4      | Reached skill level 6 in Polearms
  3589 | D:4      | Reached skill level 1 in Invocations
  3757 | D:4      | Found a white marble altar of Elyvilon.
  3854 | D:4      | Reached * piety under Dithmenos
  3854 | D:4      | Reached XP level 7. HP: 60/60 MP: 6/6
  3935 | D:4      | Found an ancient bone altar of Kikubaaqudgha.
  4401 | D:5      | Entered Level 5 of the Dungeon
  4566 | D:5      | Noticed Edmund
  4585 | D:5      | Killed Edmund
  4586 | D:5      | Reached skill level 5 in Fighting
  4717 | D:5      | Found a shadowy altar of Dithmenos.
  5123 | D:5      | Reached skill level 7 in Polearms
  5437 | D:5      | Reached XP level 8. HP: 68/68 MP: 8/8
  5817 | D:6      | Reached ** piety under Dithmenos
  7023 | D:6      | Found a staircase to the Ecumenical Temple.
  7318 | D:7      | Reached skill level 5 in Armour
  7549 | D:7      | Reached skill level 8 in Polearms
  7735 | D:7      | Got a bloodstained trident
  7736 | D:7      | Identified the +8 trident of Midsummer {speed, rElec Str+2} (You found it on level 7 of the Dungeon)
  7972 | D:7      | Reached XP level 9. HP: 75/75 MP: 10/10
  8716 | D:8      | Reached *** piety under Dithmenos
  8970 | D:8      | Reached skill level 5 in Stealth
  9078 | D:8      | Reached skill level 5 in Throwing
  9103 | D:8      | HP: 3/78 [orc warrior/flail (9)]
  9106 | D:8      | Mangled by an orc warrior

Action                   |  1- 3 |  4- 6 |  7- 9 || total
-------------------------+-------+-------+-------++-------
Melee: Trident           |    49 |       |    77 ||   126
       Halberd           |    10 |   188 |   189 ||   387
Throw: Stone             |     8 |    60 |    51 ||   119
       Tomahawk          |       |    16 |    40 ||    56
Evoke: Wand              |       |     3 |     4 ||     7
  Use: Scroll            |     3 |     5 |     4 ||    12
       Potion            |       |     4 |     7 ||    11
 Stab: Distracted        |       |       |     1 ||     1
  Eat: Chunk             |       |    10 |    12 ||    22
       Bread ration      |       |       |     1 ||     1

Vault maps used:
D:1:      dpeg_arrival_houses_and_road, st_stairs_11, evilmike_ruin_ashenzari
D:2:      uniq_sigmund, uniq_robin
D:3:      lemuel_doored_altar, ecumenical_altar_1, lemuel_tele_altar
D:4:      old_standard_altar, kiku_gazebo_pond_becter, kennysheep_small_square
D:5:      first_bread, nicolae_dithmenos_shadow_blocks, uniq_edmund
D:6:      minmay_temple_entry_poolview
D:8:      grunt_ministairs_1, the_bakery
